 Dungeon Crawl Stone Soup version 0.31-a0-774-g0d66cbabe8 (webtiles) character file.

Game seed: 9550626422422610472

1637 Shayle the Trooper (level 8, -8/84 HPs)
             Began as an Ogre Shapeshifter on Sept 17, 2023.
             Was an Initiate of Kikubaaqudgha.
             Mangled by an orc warrior
             ... wielding a +0 trident
              (14 damage)
             ... on level 6 of the Dungeon.
             The game lasted 00:13:33 (6065 turns).

Shayle the Trooper (Ogre Shapeshifter)              Turns: 6065, Time: 00:13:34

Health: -8/84      AC:  4    Str: 19    XL:     8   Next: 98%
Magic:  16/16      EV:  6    Int: 19    God:    Kikubaaqudgha [......]
Gold:   187        SH: 11    Dex:  8    Spells: 18/18 levels left

rFire   . . .        w - +1 flail (venom)
rCold   . . .        t - +0 tower shield
rNeg    . . .        a - +1 animal skin
rPois   .            (helmet currently unavailable)
rElec   .            (cloak currently unavailable)
rCorr   .            (gloves unavailable)
SInv    .            (boots unavailable)
Will    .....        (no amulet)
Stlth   +            g - +6 ring of intelligence
HPRegen 0.34/turn    (no ring)
MPRegen 0.15/turn

%: no passive effects
@: beast-form
A: beast (slay +3), large, unfitting armour, tough skin 1
a: Begin Untransformation, Renounce Religion


You were on level 6 of the Dungeon.
You worshipped Kikubaaqudgha.
Kikubaaqudgha was noncommittal.
You were a hulking beast.
You visited 2 branches of the dungeon, and saw 7 of its levels.

You collected 187 gold pieces.

Inventory:

Hand Weapons
 j - a +0 broad axe
 w - a +1 flail of venom (weapon)
Armour
 a - a +1 animal skin (worn)
 t - a +0 tower shield (worn)
Jewellery
 g - a +6 ring of intelligence (left hand)
 r - a ring of willpower
 y - a ring of magical power
Talismans
 c - a beast talisman (active)
 d - a flux talisman
Wands
 h - a wand of roots (6)
 k - a wand of digging (9)
 m - a wand of flame (15)
 q - a wand of mindburst (14)
 x - a wand of paralysis (9)
Scrolls
 n - a scroll of vulnerability
 p - a scroll of torment
 s - a scroll of enchant weapon
 u - a scroll of amnesia
Potions
 b - a potion of lignification
 e - a potion of degeneration
 i - a potion of mutation


   Skills:
 + Level 6.8 Fighting
 - Level 1.7 Dodging
 + Level 3.1 Shields
 + Level 5.4 Unarmed Combat
 + Level 5.5 Spellcasting
 + Level 5.6 Shapeshifting


You had 18 spell levels left.
You didn't know any spells.
Your spell library was empty.

Dungeon Overview and Level Annotations

Branches:
Dungeon (6/15)             Temple (1/1) D:4

Altars:
Ashenzari
Cheibriados
Dithmenos
Elyvilon
Fedhas
Hepliaklqana
Kikubaaqudgha
Makhleb
Nemelex Xobeh
Okawaru
Ru
Sif Muna
Trog
Uskayaw
Vehumet
Zin
The Shining One

Annotations:
D:5 1 runed translucent door, Crazy Yiuf


Innate Abilities, Weirdness & Mutations

You are a hulking beast.
Your limbs bulge with bestial killing power. (Slay +3)
You are too large for most types of armour.
You have tough skin. (AC +1)


Message History

Things that are here:
a +0 mace; a +0 leather armour You hit the orc warrior.
The orc warrior is lightly wounded.
You block the orc warrior's attack. x2
You hit the orc warrior.
The orc warrior is poisoned.
The orc warrior is moderately wounded.
You block the orc warrior's attack.
You hit the orc warrior.
The orc warrior looks as sick as possible!
The orc warrior is moderately wounded.
You block the orc warrior's attack.
The orc warrior hits you but does no damage.
You barely miss the orc warrior.
The orc warrior is heavily wounded.
The orc warrior hits you with a +0 trident.
You closely miss the orc warrior.
The orc warrior is almost dead.
You block the orc's attack.
The orc warrior hits you with a +0 trident.
The orc hits you with a +0 flail.
* * * LOW HITPOINT WARNING * * *
The orc warrior hits you with a +0 trident!
* * * LOW HITPOINT WARNING * * *
You feel better. The orc hits you with a +0 flail.
* * * LOW HITPOINT WARNING * * *
You block the orc warrior's attack.
You closely miss the orc warrior.
The orc warrior is almost dead.
The orc hits you with a +0 flail!
* * * LOW HITPOINT WARNING * * *
You block the orc warrior's attack.
Unknown command.
You closely miss the orc warrior.
The orc warrior is almost dead.
The orc hits you with a +0 flail.
* * * LOW HITPOINT WARNING * * *
The orc warrior hits you with a +0 trident!
You die...
Kikubaaqudgha rasps: "You have failed me!
Welcome... death!"

######
##########.##......< #
#...........########
##############..>..####..#
.........##..............#
####.........#.........#.#
..
#.#####...#.#.#.#.#.#.##
#....# #.#.#.............
#..#.# #...#.#.#.#.#.#.##
...#.# ###...oh......# #
.....# #...#o#.#.#.# ..
..# #...........# . ..#
#...#.#.#.#...#
.............###
#########..#.## ##.....
####.# .#


You could see an orc warrior (very poisoned) and an orc.

Vanquished Creatures
  Pikel (D:5)
  Edmund (D:5)
  A black bear (D:6)
  An ice beast (D:5)
  An ogre (D:4)
  3 lemures (D:4)
  2 phantoms
  A bullfrog (D:6)
  A scorpion (D:5)
  A jelly (D:4)
  3 hounds
  An orc priest (D:6)
  Jessica (D:3)
  A sleepcap (D:6)
  An orc wizard (D:4)
  Natasha (thrice) (D:3)
  Robin (D:4)
  7 adders
  A shadow imp (D:6)
  An ufetubus (D:6)
  3 worms
  2 dart slugs
  5 orcs
  13 ball pythons
  9 bats
  6 endoplasms
  4 giant cockroaches
  13 goblins
  12 hobgoblins
  6 jackals
  9 kobolds
  3 quokkas
  3 frilled lizards
  6 rats
127 creatures vanquished.

Notes
Turn   | Place    | Note
-------+----------+-------------------------------------------
     0 | D:1      | Shayle the Ogre Shapeshifter began the quest for the Orb.
     0 | D:1      | Reached XP level 1. HP: 19/19 MP: 1/1
   339 | D:1      | Reached XP level 2. HP: 28/28 MP: 2/2
   440 | D:1      | Reached skill level 2 in Fighting
   486 | D:1      | Reached skill level 1 in Spellcasting
   694 | D:1      | Reached XP level 3. HP: 33/35 MP: 4/4
  1237 | D:2      | Reached XP level 4. HP: 29/44 MP: 6/6
  1505 | D:2      | Found a faded altar of an unknown god.
  1991 | D:3      | Noticed Jessica
  2022 | D:3      | Reached skill level 3 in Fighting
  2028 | D:3      | Killed Jessica
  2029 | D:3      | Reached XP level 5. HP: 51/53 MP: 8/8
  2340 | D:3      | Noticed Natasha
  2353 | D:3      | Killed Natasha
  2546 | D:3      | Noticed Natasha
  2556 | D:3      | Killed Natasha
  2603 | D:3      | Noticed Robin
  2643 | D:4      | Killed Robin
  2838 | D:3      | Noticed Natasha
  2845 | D:3      | Killed Natasha
  2846 | D:3      | Reached XP level 6. HP: 49/62 MP: 10/10
  3083 | D:4      | Found a staircase to the Ecumenical Temple.
  3095 | D:4      | Reached skill level 4 in Fighting
  3104 | Temple   | Entered the Ecumenical Temple
  3506 | D:4      | Reached XP level 7. HP: 48/71 MP: 12/12
  3627 | D:4      | Found a sacrificial altar of Ru.
  3980 | D:5      | Entered Level 5 of the Dungeon
  3985 | D:5      | Noticed Edmund
  3993 | D:5      | Noticed Pikel
  3994 | D:5      | Killed Edmund
  3995 | D:5      | Reached skill level 5 in Fighting
  4064 | D:5      | Paralysed by Pikel for 3 turns
  4225 | D:5      | Found an ancient bone altar of Kikubaaqudgha.
  4230 | D:5      | Became a worshipper of Kikubaaqudgha
  4537 | D:5      | Found a runed translucent door.
  4538 | D:5      | Noticed Crazy Yiuf
  4855 | D:5      | Paralysed by Pikel for 4 turns
  4863 | D:5      | Killed Pikel
  4864 | D:5      | Reached skill level 6 in Fighting
  4864 | D:5      | Reached skill level 5 in Unarmed Combat
  4864 | D:5      | Reached skill level 5 in Spellcasting
  4864 | D:5      | Reached skill level 5 in Shapeshifting
  4864 | D:5      | Reached XP level 8. HP: 21/83 MP: 13/15
  5261 | D:5      | Found a shimmering blue altar of Sif Muna.
  6065 | D:6      | Mangled by an orc warrior

Illustrated notes

Levels and vault maps discovered:
D:1:      saegor_arrival_simple_e, layout_loops_corners, kennysheep_minor_cross,
          dreamdust_mushroom_princess, minmay_shallow_snake_nest
D:2:      layout_rooms, hellmonk_ecumenical_altar_zigzags
D:3:      layout_loops_cross, uniq_natasha, uniq_jessica, uniq_robin
D:4:      layout_gridville, nicolae_ru_great_annihilating_truth,
          minmay_temple_entry_slanted, st_stairs_14
D:5:      layout_loops_corners, nicolae_sif_muna_little_library,
          nicolae_kikubaaqudgha_miasma_corner, uniq_crazy_yiuf_cottage,
          uniq_edmund, uniq_pikel
D:6:      layout_loops_ring, serial_glass, glass_columns_c, glass_columns_a,
          portal_sewer_entry_d, minmay_misc_feat_tiny
Temple:   nicolae_temple_superstar

Skill      XL: |  1  2  3  4  5  6  7  8 |
---------------+-------------------------+-----
Fighting       | 2 3 4 6 |  6.8
Spellcasting   | 1 2 3 5 |  5.5
Unarmed Combat | 3 4 5 |  5.4
Shapeshifting  | 4 5 |  5.6
Shields        | 2 3 |  3.1
Dodging        | |  1.7

Action                     |  1- 3 |  4- 6 |  7- 9 || total
---------------------------+-------+-------+-------++-------
  Melee: Unarmed           |   103 |   198 |    85 ||   386
         Punch             |     5 |     1 |       ||     6
         Flail             |       |       |    77 ||    77
  Evoke: Wand              |       |     5 |     5 ||    10
    Use: Scroll            |     5 |       |     8 ||    13
         Potion            |       |       |     2 ||     2
   Stab: Paralysed         |       |       |     2 ||     2
 Armour: Animal skin       |    71 |   124 |   134 ||   329
         Skin              |       |       |    10 ||    10
  Dodge: Dodged            |    64 |    72 |    74 ||   210
  Block: Tower shield      |       |       |    60 ||    60

Table legend: (Time is in decaauts)
 A = Elapsed time spent in this place.
 B = Non-inter-level travel time spent in this place.
 C = Inter-level travel time spent in this place.
 D = Time resting spent in this place.
 E = Time spent auto-exploring this place.
 F = Levels seen in this place.
 G = Mean time per level.
                   A        B        C        D        E       F      G
               +--------+--------+--------+--------+--------+-----+--------+
         Total |   6113 |   5812 |    301 |    689 |   3668 |   7 |  873.3 |
       Dungeon |   6059 |   5758 |    301 |    689 |   3616 |   6 | 1009.8 |
        Temple |     53 |     53 |      0 |      0 |     52 |   1 |   53.0 |
               +--------+--------+--------+--------+--------+-----+--------+

Top non-repeatable levels by time:
     D:4: 1369 daAuts
     D:5: 1223 daAuts
     D:3: 1119 daAuts
     D:1: 1066 daAuts
     D:2: 759 daAuts
     D:6: 520 daAuts
  Temple: 53 daAuts
